AoeStats
← SweetBitch

Arena

510274040Analyzed
1v1 RM · 10h ago on Sep 30, 2026· 46m 37s· 2 players
Game mode
Random Map
Map size
Tiny (2 player)
Population
200
Speed
Normal
Resources
Standard
Victory
Conquest
Starting age
Dark Age
Ending age
Imperial Age
RankedLock teamsTeams togetherTeam positionsShared explorationLock speedFull tech treeHidden civsTurbo modeCheats
Victory
Defeat
🇫🇷 Goths · France
181
+9
🇺🇦 Wei · Ukraine
23
-9
SweetBitch
15:08 Feudal Age
15:36 Horse Collar
15:45 Double-Bit Axe
16:40 Gold Mining
16:42 Stone Mining
23:33 Castle Age
26:15 Gold Shaft Mining
26:17 Stone Shaft Mining
25:46 Heavy Plow
25:59 Bow Saw
27:13 Wheelbarrow
26:27 Loom
27:17 Wheelbarrow
26:28 Town Watch
27:36 Treadmill Crane
27:51 Murder Holes
28:29 Forging
28:19 Scale Mail Armor
28:25 Scale Barding Armor
28:10 Fletching
28:21 Padded Archer Armor
28:46 Hand Cart
30:24 Town Patrol
33:11 Iron Casting
32:52 Chain Mail Armor
32:57 Chain Barding Armor
32:33 Bodkin Arrow
33:07 Leather Archer Armor
34:55 Bloodlines
34:45 Husbandry
35:54 Tuntian
39:52 Imperial Age
39:56 Ballistics
41:38 Blast Furnace
40:38 Bracer
41:09 Ring Archer Armor
41:42 Chemistry
42:04 Crop Rotation
42:15 Conscription
tom.mallet
0:53 Loom
12:56 Feudal Age
14:32 Wheelbarrow
13:44 Horse Collar
13:52 Double-Bit Axe
14:12 Stone Mining
15:08 Gold Mining
25:29 Castle Age
26:37 Hand Cart
26:33 Heavy Plow
26:46 Bow Saw
27:15 Stone Shaft Mining
28:44 Fervor
29:26 Forging
29:17 Scale Mail Armor
29:20 Man-at-Arms
29:21 Pikeman
30:02 Squires
32:47 Anarchy
35:23 Imperial Age
33:37 Chain Mail Armor
33:58 Iron Casting
33:09 Long Swordsman
36:38 Conscription
37:12 Town Watch
37:56 Elite Huskarl
38:42 Murder Holes
39:13 Town Patrol
39:03 Sappers
39:54 Perfusion
42:10 Two-Handed Swordsman
43:47 Champion
43:58 Halberdier
Connection lost

Rejoining the realm…

Still unreachable

The connection could not be restored.

Session expired

The server has moved on; the page needs a fresh start.